PL
BROOKLYN DODGERS @ PHOENIX HOTSPUR
08/06/2017
 
TOP OF THE 1ST
Brooklyn Dodgers batting - Pitching for Phoenix Hotspur : RHP Richard Sykes
Pitching: RHP Richard Sykes
Batting: LHB Christian Walls 0-0: Ball
1-0: Ball
2-0: Called Strike
2-1: Ground out 4-3 (Groundball, 4)
Batting: LHB Pancho García 0-0: Called Strike
0-1: Ball
1-1: Ball
2-1: Swinging Strike
2-2: SINGLE (Flyball, 8RS)
Batting: LHB Ray Sears 0-0: Called Strike
Pancho García steals 2nd base
0-1: Ball
1-1: Ball
2-1: SINGLE (Line Drive, 7S)
Pancho García to third
Runner from 3rd tries for Home, SAFE, throw made home
Batting: LHB Ron Bascombe 0-0: Called Strike
0-1: Ball
1-1: Grounds out, U3 (Groundball, 3L)
Batting: LHB Kenneth Chapman 0-0: Ball
1-0: SINGLE (Line Drive, 9LS)
Ray Sears to third
Batting: RHB Pedro Cruz 0-0: Ball
1-0: Ball
2-0: Called Strike
2-1: Ground out 1-3 (Groundball, 13S)
Top of the 1st over - 1 run(s), 3 hit(s), 0 error(s), 2 left on base; Brooklyn 1 - Phoenix 0
BOTTOM OF THE 1ST
Phoenix Hotspur batting - Pitching for Brooklyn Dodgers : LHP Jesús Martínez
Pitching: LHP Jesús Martínez
Batting: RHB Louis Henderson 0-0: Ball
1-0: Ball
2-0: Swinging Strike
2-1: Ball
3-1: Base on Balls
Batting: SHB Virgil Eberle Pickoff Throw to First - Error! E1
Louis Henderson to second
0-0: Ball
1-0: Ground out 6-3 (Groundball, 6)
Louis Henderson to third
Batting: LHB Min-heui Im 0-0: Ball
1-0: Ball
2-0: Ball
3-0: Base on Balls
Batting: RHB Domingo García 0-0: Ball
1-0: Ball
2-0: Grounds into double play, 6-4-3 (Groundball, 6MD)
Bottom of the 1st over - 0 run(s), 0 hit(s), 1 error(s), 1 left on base; Brooklyn 1 - Phoenix 0
TOP OF THE 2ND
Brooklyn Dodgers batting - Pitching for Phoenix Hotspur : RHP Richard Sykes
Batting: LHB William Hansen 0-0: Ball
1-0: Called Strike
1-1: Foul Ball, location: 2F
1-2: Foul Ball, location: 2F
1-2: Ball
2-2: Fly out, F7 (Line Drive, 7S)
Batting: RHB Sean Davis 0-0: Ball
1-0: Called Strike
1-1: Ground out 6-3 (Groundball, 6M)
Batting: LHB Jesús Martínez 0-0: Ball
1-0: Ball
2-0: Called Strike
2-1: Ball
3-1: Base on Balls
Batting: LHB Christian Walls 0-0: Called Strike
0-1: Ball
1-1: Ball
2-1: Ball
3-1: Called Strike
3-2: Foul Ball, location: 2F
3-2: Base on Balls
Jesús Martínez to second
Batting: LHB Pancho García 0-0: Ball
1-0: Ball
2-0: Ball
3-0: Called Strike
3-1: Foul Ball, location: 2F
3-2: Foul Ball, location: 2F
3-2: Ground out 6-3 (Groundball, 6M)
Top of the 2nd over - 0 run(s), 0 hit(s), 0 error(s), 2 left on base; Brooklyn 1 - Phoenix 0
BOTTOM OF THE 2ND
Phoenix Hotspur batting - Pitching for Brooklyn Dodgers : LHP Jesús Martínez
Batting: RHB Ben Ross 0-0: Ball
1-0: Ball
2-0: Ground out 6-3 (Groundball, 6M)
Batting: RHB Phil Johnston 0-0: Ground out 4-3 (Groundball, 4)
Batting: RHB Justin Bingham 0-0: Ball
1-0: Ground out 6-3 (Groundball, 6)
Bottom of the 2nd over - 0 run(s), 0 hit(s), 0 error(s), 0 left on base; Brooklyn 1 - Phoenix 0
TOP OF THE 3RD
Brooklyn Dodgers batting - Pitching for Phoenix Hotspur : RHP Richard Sykes
Batting: LHB Ray Sears 0-0: Called Strike
0-1: Called Strike
0-2: Ball
1-2: Fly out, F7 (Flyball, 7LMF)
Batting: LHB Ron Bascombe 0-0: Ball
1-0: Foul Ball, location: 2F
1-1: Ball
2-1: Ball
3-1: Swinging Strike
3-2: SINGLE (Flyball, 9S)
Batting: LHB Kenneth Chapman 0-0: Ground out 4-3 (Groundball, 4M)
Ron Bascombe to second
Batting: RHB Pedro Cruz 0-0: Ball
1-0: Called Strike
1-1: Ball
2-1: Swinging Strike
2-2: Ball
3-2: Strikes out swinging
Top of the 3rd over - 0 run(s), 1 hit(s), 0 error(s), 1 left on base; Brooklyn 1 - Phoenix 0
BOTTOM OF THE 3RD
Phoenix Hotspur batting - Pitching for Brooklyn Dodgers : LHP Jesús Martínez
Batting: RHB António Ramos 0-0: Ball
1-0: Called Strike
1-1: SINGLE (Flyball, 7LS)
Batting: RHB Richard Sykes 0-0: Sac Bunt - play at first, batter OUT! 1-4
António Ramos to second
Batting: RHB Louis Henderson 0-0: Ball
1-0: Ball
António Ramos is caught stealing 3rd base
2-0: Foul Ball, location: 2F
2-1: Swinging Strike
2-2: Fly out, F9 (Line Drive, 89M)
Bottom of the 3rd over - 0 run(s), 1 hit(s), 0 error(s), 0 left on base; Brooklyn 1 - Phoenix 0
TOP OF THE 4TH
Brooklyn Dodgers batting - Pitching for Phoenix Hotspur : RHP Richard Sykes
Batting: LHB William Hansen 0-0: Ball
1-0: Called Strike
1-1: DOUBLE (Groundball, 3L)
Batting: RHB Sean Davis 0-0: Ball
1-0: Ground out 1-3 (Groundball, 15)
Batting: RHB Mike Humphrey 0-0: Ball
1-0: Ball
2-0: DOUBLE (Line Drive, 7LS)
William Hansen scores
Batting: LHB Christian Walls 0-0: Ground out 4-3 (Groundball, 34)
Mike Humphrey to third
Batting: LHB Pancho García 0-0: SINGLE (Groundball, 13) (infield hit)
Mike Humphrey scores
Batting: LHB Ray Sears 0-0: Ball
1-0: Ball
2-0: Foul Ball, location: 2F
2-1: SINGLE (Groundball, 4MD)
Pancho García to second
Batting: LHB Ron Bascombe 0-0: Swinging Strike
0-1: Foul Ball, location: 2F
0-2: Foul Ball, location: 2F
0-2: Ball
1-2: Ball
2-2: Fly out, F3 (Line Drive, 34)
Top of the 4th over - 2 run(s), 4 hit(s), 0 error(s), 2 left on base; Brooklyn 3 - Phoenix 0
BOTTOM OF THE 4TH
Phoenix Hotspur batting - Pitching for Brooklyn Dodgers : RHP Mike Humphrey
Pitching: RHP Mike Humphrey
Batting: SHB Virgil Eberle 0-0: Fly out, F7 (Flyball, 7LM)
Batting: LHB Min-heui Im 0-0: Ball
1-0: Ball
2-0: Called Strike
2-1: Fly out, F4 (Popup, 9S)
Batting: RHB Domingo García 0-0: Called Strike
0-1: Ball
1-1: Swinging Strike
1-2: Strikes out swinging
Bottom of the 4th over - 0 run(s), 0 hit(s), 0 error(s), 0 left on base; Brooklyn 3 - Phoenix 0
TOP OF THE 5TH
Brooklyn Dodgers batting - Pitching for Phoenix Hotspur : RHP Richard Sykes
Batting: LHB Kenneth Chapman 0-0: Called Strike
0-1: Ball
1-1: Foul Ball, location: 2F
1-2: Ball
2-2: Foul Ball, location: 2F
2-2: Fly out, F8 (Flyball, 8LD)
Batting: RHB Pedro Cruz 0-0: Called Strike
0-1: Ball
1-1: Ground out 6-3 (Groundball, 6M)
Batting: LHB William Hansen 0-0: Called Strike
0-1: Ground out 2-3 (Groundball, 2R)
Top of the 5th over - 0 run(s), 0 hit(s), 0 error(s), 0 left on base; Brooklyn 3 - Phoenix 0
BOTTOM OF THE 5TH
Phoenix Hotspur batting - Pitching for Brooklyn Dodgers : RHP Mike Humphrey
Batting: RHB Ben Ross 0-0: Ball
1-0: Ball
2-0: Ground out 5-3 (Groundball, 56)
Batting: RHB Phil Johnston 0-0: Ball
1-0: Foul Ball, location: 2F
1-1: Ball
2-1: Ball
3-1: Called Strike
3-2: Ground out 6-3 (Groundball, 6)
Batting: RHB Justin Bingham 0-0: Called Strike
0-1: Ground out U3 (Groundball, 3S)
Bottom of the 5th over - 0 run(s), 0 hit(s), 0 error(s), 0 left on base; Brooklyn 3 - Phoenix 0
TOP OF THE 6TH
Brooklyn Dodgers batting - Pitching for Phoenix Hotspur : RHP Richard Sykes
Batting: RHB Sean Davis 0-0: Ball
1-0: Hit by Pitch
Pitching: LHP Ángelo Méndez
Now in LF: Raúl González
Pinch Hitting: RHB Luis Rivas 0-0: Foul Ball, location: 2F
0-1: Ball
1-1: Foul Ball, location: 2F
1-2: Foul Ball, location: 2F
1-2: Ball
2-2: Foul Ball, location: 2F
2-2: Ball
3-2: Fly out, F7 (Flyball, 7D)
Batting: LHB Christian Walls 0-0: Ball
1-0: Ball
2-0: Ball
3-0: Base on Balls
Sean Davis to second
Batting: LHB Pancho García 0-0: Called Strike
0-1: Ground out 4-3 (Groundball, 4M)
Sean Davis to third
Christian Walls to second
Batting: LHB Ray Sears 0-0: Swinging Strike
0-1: Called Strike
0-2: Foul Ball, location: 2F
0-2: Strikes out swinging
Top of the 6th over - 0 run(s), 0 hit(s), 0 error(s), 2 left on base; Brooklyn 3 - Phoenix 0
BOTTOM OF THE 6TH
Phoenix Hotspur batting - Pitching for Brooklyn Dodgers : RHP Mike Humphrey
Pitching: RHP Francis Cahill
Batting: RHB António Ramos 0-0: Ball
1-0: Called Strike
1-1: Ball
2-1: Foul Ball, location: 2F
2-2: Fly out, F8 (Flyball, 8RD)
Batting: RHB Raúl González 0-0: Called Strike
0-1: Ball
1-1: Ball
2-1: Ball
3-1: Base on Balls
Batting: RHB Louis Henderson 0-0: Called Strike
0-1: Swinging Strike
0-2: Ball
1-2: Foul Ball, location: 2F
1-2: Ball
2-2: Ball
3-2: Strikes out swinging
Batting: SHB Virgil Eberle 0-0: Fly out, F3 (Popup, 3L)
Bottom of the 6th over - 0 run(s), 0 hit(s), 0 error(s), 1 left on base; Brooklyn 3 - Phoenix 0
TOP OF THE 7TH
Brooklyn Dodgers batting - Pitching for Phoenix Hotspur : LHP Ángelo Méndez
Batting: LHB Ron Bascombe 0-0: Ball
1-0: Ground out U3 (Groundball, 3)
Batting: LHB Kenneth Chapman 0-0: Called Strike
0-1: Ball
1-1: Ball
2-1: Ball
3-1: SINGLE (Groundball, 4MD)
Batting: RHB Pedro Cruz 0-0: Ball
1-0: Foul Ball, location: 2F
Reached via error on a dropped throw, E1
Kenneth Chapman to second
Batting: LHB William Hansen 0-0: Called Strike
0-1: Ball
1-1: Grounds into double play, 4-6-3 (Groundball, 4)
Top of the 7th over - 0 run(s), 1 hit(s), 1 error(s), 1 left on base; Brooklyn 3 - Phoenix 0
BOTTOM OF THE 7TH
Phoenix Hotspur batting - Pitching for Brooklyn Dodgers : RHP Francis Cahill
Batting: LHB Min-heui Im 0-0: Ball
1-0: Called Strike
1-1: SOLO HOME RUN (Line Drive, 9LD), Distance : 368 ft
Batting: RHB Domingo García 0-0: Called Strike
0-1: Swinging Strike
0-2: Ball
1-2: Ball
2-2: Ball
3-2: Fly out, F3 (Popup, 3DF)
Batting: RHB Ben Ross 0-0: Ball
1-0: Ball
2-0: Ball
3-0: Called Strike
3-1: Ground out 5-3 (Groundball, 56)
Pinch Hitting: LHB Curt Webb 0-0: Called Strike
0-1: Ball
1-1: DOUBLE (Line Drive, 7LS)
Batting: RHB Justin Bingham 0-0: Ball
Passed Ball!
Curt Webb to third
1-0: Ball
2-0: DOUBLE (Line Drive, 78M)
Curt Webb scores
Pinch Hitting: RHB Bertrand Sunter 0-0: Called Strike
0-1: Ball
1-1: 2-RUN HOME RUN (Flyball, 78XD), Distance : 422 ft
Pitching: RHP Scott Neal
Now at C: Mal Bussard
Batting: RHB Raúl González 0-0: Swinging Strike
0-1: Foul Ball, location: 2F
0-2: Ball
1-2: Foul Ball, location: 2F
1-2: Ball
2-2: Ball
3-2: Strikes out looking
Bottom of the 7th over - 4 run(s), 4 hit(s), 0 error(s), 0 left on base; Brooklyn 3 - Phoenix 4
TOP OF THE 8TH
Brooklyn Dodgers batting - Pitching for Phoenix Hotspur : LHP Ángelo Méndez
Pitching: RHP John Watson
Now at C: Ray Schroeder
Now in LF: Bertrand Sunter
Batting: RHB Sean Davis 0-0: Called Strike
0-1: Ball
1-1: Ball
2-1: Ball
3-1: Base on Balls
Batting: RHB Mal Bussard 0-0: Called Strike
0-1: Ball
1-1: Called Strike
1-2: Foul Ball, location: 2F
1-2: Ball
2-2: Strikes out swinging
Batting: LHB Christian Walls 0-0: Called Strike
0-1: Fly out, F7 (Line Drive, 7M)
Batting: LHB Pancho García 0-0: Called Strike
0-1: Called Strike
0-2: Ball
1-2: Ball
2-2: SINGLE (Line Drive, 8LS)
Sean Davis to second
Batting: LHB Ray Sears 0-0: Ball
1-0: Swinging Strike
1-1: Swinging Strike
1-2: Foul Ball, location: 2F
1-2: Ball
2-2: Ball
3-2: Foul Ball, location: 2F
3-2: SINGLE (Groundball, 4)
Sean Davis to third
Pancho García to second
Sean Davis scores
Pancho García to third
Batting: LHB Ron Bascombe 0-0: Swinging Strike
0-1: Called Strike
0-2: Foul Ball, location: 2F
0-2: Foul Ball, location: 2F
0-2: Foul Ball, location: 2F
0-2: Fly out, F8 (Flyball, 8LD)
Top of the 8th over - 1 run(s), 2 hit(s), 0 error(s), 2 left on base; Brooklyn 4 - Phoenix 4
BOTTOM OF THE 8TH
Phoenix Hotspur batting - Pitching for Brooklyn Dodgers : RHP Scott Neal
Batting: RHB Louis Henderson 0-0: Ground out 6-3 (Groundball, 6M)
Batting: SHB Virgil Eberle 0-0: Called Strike
0-1: Ball
1-1: Foul Ball, location: 2F
1-2: Ball
2-2: SOLO HOME RUN (Flyball, 7D) (Inside the Park)
Batting: LHB Min-heui Im 0-0: Called Strike
0-1: Ground out 6-3 (Groundball, 6)
Batting: RHB Domingo García 0-0: Called Strike
0-1: Ball
1-1: Foul Ball, location: 2F
1-2: Ground out 6-3 (Groundball, 6)
Bottom of the 8th over - 1 run(s), 1 hit(s), 0 error(s), 0 left on base; Brooklyn 4 - Phoenix 5
TOP OF THE 9TH
Brooklyn Dodgers batting - Pitching for Phoenix Hotspur : RHP John Watson
Batting: LHB Kenneth Chapman 0-0: Ball
1-0: Called Strike
1-1: Ground out 4-3 (Groundball, 4)
Pinch Hitting: RHB Brad Perry 0-0: Foul Ball, location: 2F
0-1: Ball
1-1: Fly out, F8 (Flyball, 8RD)
Pinch Hitting: LHB Todd Williams 0-0: Ball
1-0: Foul Ball, location: 2F
1-1: Ball
2-1: Foul Ball, location: 2F
2-2: SINGLE (Line Drive, 4M)
Batting: RHB Sean Davis 0-0: Ball
1-0: Ball
2-0: Called Strike
2-1: Called Strike
2-2: Foul Ball, location: 2F
2-2: Ball
3-2: Foul Ball, location: 2F
Pickoff Throw to First - Error! E1
Todd Williams to second
3-2: Strikes out swinging
Top of the 9th over - 0 run(s), 1 hit(s), 1 error(s), 1 left on base; Brooklyn 4 - Phoenix 5
This league is powered by Out of the Park Baseball, the baseball management simulation game for PC, Mac and Linux
Saturday, February 27th, 2021 - OOTP Baseball 15.6 Build 34